Cogmind - Beta 11.1 @@@ ROGUE MODE // 2022.05.10 @ 17:15:37 Player: Sara Result: Destroyed by as-36109 with Assembled Maul Performance ------------- Evolutions (0) 0 Regions Visited (0) 0 Robots Destroyed (0) 0 Value Destroyed (0) 0 Prototype IDs (0) 0 Alien Tech Used (0) 0 Bonus (0) 0 TOTAL SCORE: 0 Bonus ------- None Cogmind --------- Core Integrity 0/250 Matter 256/300 Energy 100/100 System Corruption 9% Temperature Cool (20) Movement Core (100) Ox1 Location -11/Scrapyard Parts ------- > --- POWER (1) -------- (None) > --- PROPULSION (2) --- (None) > --- UTILITY (2) ------ Small Storage Unit > --- WEAPON (2) ------- (None) > --- INVENTORY (8) ---- Ion Engine Aluminum Leg Aluminum Leg Compact Wheel Peak State ------------ > --- POWER ------------ Ion Engine > --- PROPULSION ------- Light Treads Light Treads > --- UTILITY ---------- Small Storage Unit > --- WEAPON ----------- Assault Rifle Assault Rifle > --- INVENTORY -------- Ion Engine Aluminum Leg Aluminum Leg Compact Wheel EM Pulse Gun [Rating: 6] Favorites ----------- Power Ion Engine Engine Ion Engine Propulsion Light Treads Treads Light Treads Utility Small Storage Unit Storage Small Storage Unit Weapon Assault Rifle Energy Gun EM Pulse Gun Ballistic Gun Assault Rifle Build | -11 ------- Run | Scr Slots Evolved . | . Power . | . Propulsion . | . Utility . | . Weapon . | . Parts Attached 7 | 7 Power 1 | 1 Engine 1 | 1 Core . | . Reactor . | . Propulsion 2 | 2 Treads 2 | 2 Leg . | . Wheel . | . Hover . | . Flight . | . Utility 1 | 1 Device . | . Storage 1 | 1 Processor . | . Hackware . | . Protection . | . Artifact . | . Weapon 3 | 3 Energy Gun 1 | 1 Energy Cannon . | . Ballistic Gun 2 | 2 Ballistic Cannon . | . Launcher . | . Special Weapon . | . Impact Weapon . | . Slashing Weapon . | . Piercing Weapon . | . Special Melee Weapon . | . Unidentified Prototypes . | . Parts Lost 6 | 6 Power 1 | 1 Propulsion 2 | 2 Utility . | . Weapon 3 | 3 Highest Loss Streak 6 | 6 To Critical Strikes . | . Average Slot Usage (%) . | . Naked Turns . | . Heaviest Build 14 | 14 Greatest Support 40 | 40 Greatest Overweight (x) 1 | 1 Average Overweight (x) . | . Largest Inventory Capacity 8 | 8 Average Capacity 7 | 7 Most Carried 8 | 8 Average Carried 4 | 4 Final Capacity 8 | 8 Final Carried 4 | 4 Class Distribution -------------------- None Dominant Class ---------------- None Resources | -11 ----------- Run | Scr Matter Collected 232 | 232 Remotely . | . Salvage Created 18 | 18 Parts . | . Haulers Intercepted . | . Recyclers Shooed . | . Parts Field Recycled . | . Retrieved Matter . | . Parts Self-Destructed . | . Prevented . | . Kills | -11 ------- Run | Scr Combat Hostiles Destroyed 1 | 1 Guns 1 | 1 Classes Destroyed 1 | 1 Assembled 1 | 1 Best Kill Streak 1 | 1 Combat Bots Only 1 | 1 Max Kills in Single Turn 1 | 1 Gunslinging . | . Exploded . | . Melee . | . Uniques/NPCs Destroyed . | . Combat | -11 -------- Run | Scr Damage Taken 976 | 976 Core 277 | 277 Absorbed by Shields . | . Core Remaining (%) . | . Volleys Fired 9 | 9 Largest 2 | 2 Hottest 60 | 60 Shots Fired 17 | 17 Gun 17 | 17 Cannon . | . Launcher . | . Special . | . Kinetic 16 | 16 Thermal . | . Explosive . | . Electromagnetic 1 | 1 Robot Hit Streak 6 | 6 Robot Miss Streak 2 | 2 Penetration Max . | . Secondary Targets 1 | 1 Max Gunslinging Chain 1 | 1 Shots Hit Robots 12 | 12 Core Hits 5 | 5 Critical Kills . | . Critical Parts Destroyed . | . Critical Strikes 1 | 1 Destroy 1 | 1 Melee Attacks . | . Impact . | . Slashing . | . Piercing . | . Sneak Attacks . | . Combat Hostiles . | . Follow-up Attacks . | . Damage Inflicted 186 | 186 Guns 180 | 180 Cannons . | . Explosions . | . Melee . | . Ramming 6 | 6 Kinetic 169 | 169 Thermal . | . Explosive . | . Electromagnetic 11 | 11 Impact . | . Slashing . | . Piercing . | . Highest Corruption 9 | 9 Average Corruption 6 | 6 Corruption Purged . | . Corruption Blocked . | . Overload Shots . | . Overflow Damage . | . Projectiles . | . Explosions . | . Melee . | . Knockbacks . | . Impact . | . Kinetic . | . Secondary . | . Self-Inflicted Damage 2 | 2 Shots . | . Rammed 4 | 4 Targets Rammed 4 | 4 Kicked . | . Crushed . | . Highest Temperature 15 | 15 Average Temperature 9 | 9 Received Heat Transfer 220 | 220 Siege Activations . | . Robots Corrupted . | . Combat Hostiles . | . Parts Fried . | . Impact Corruptions . | . Robots Melted . | . Combat Hostiles . | . Parts Melted . | . Heat Transferred . | . Parts Sabotaged . | . Parts Stolen . | . Parts Stripped . | . Power Chain Reactions . | . Missiles Intercepted . | . Alert | -11 ------- Run | Scr Peak Influence 15 | 15 Initial . | . Average . | . Maximum Alert Level . | . Low Security (%) 100 | 100 Level 1 . | . Level 2 . | . Level 3 . | . Level 4 . | . Level 5 . | . High Security . | . Max Security . | . Squads Dispatched . | . Investigation . | . Extermination . | . Reinforcement . | . Assault . | . Garrison . | . Intercept . | . Searches Triggered . | . Construction Impeded . | . Haulers Reinforced . | . Active Scanning Responses . | . Cargo Convoy Interrupts . | . Stealth | -11 --------- Run | Scr Distress Signals . | . Communications Jammed . | . Distress Signals . | . Times Spotted 18 | 18 Peak Tracking Total 16 | 16 Tactical Retreats . | . Traps | -11 ------- Run | Scr Traps Triggered . | . Indirectly . | . Trap Hack Attempts . | . Triggered . | . Disarmed . | . Reprogrammed . | . Reused . | . Traps Extracted . | . Installed . | . Triggered . | . Machines | -11 ---------- Run | Scr Machines Disabled . | . Max in Single Turn . | . Machines Sabotaged . | . Garrisons Compromised . | . Overloaded Fab Kills . | . Hacking | -11 --------- Run | Scr Machines Accessed . | . Terminals . | . Fabricators . | . Repair Stations . | . Recycling Units . | . Scanalyzers . | . Garrison Access . | . Total Hacks . | . Successful . | . Failed . | . Catastrophic . | . Database Lockouts . | . Manual . | . Terminals . | . Fabricators . | . Repair Stations . | . Recycling Units . | . Scanalyzers . | . Garrison Access . | . Terminal Hacks . | . Fabricator Hacks . | . Repair Station Hacks . | . Recycling Unit Hacks . | . Scanalyzer . | . Garrison Access Hacks . | . Unauthorized Hacks . | . Terminals . | . Fabricators . | . Repair Stations . | . Recycling Units . | . Scanalyzers . | . Garrison Access . | . Data Cores Recovered . | . Used . | . Hacking Detections . | . Full Trace Events . | . Feedback Events . | . Feedback Blocked . | . Robot Schematics Acquired . | . Robots Built . | . Authchips . | . Time . | . Total Robot Build Rating . | . Part Schematics Acquired . | . Parts Built . | . Authchips . | . Time . | . Total Part Build Rating . | . Parts Repaired . | . Time . | . Parts Recycled . | . Recycled Matter . | . Retrieved Matter . | . Retrieved Components . | . Parts Scanalyzed . | . Part Schematics Acquired . | . Parts Damaged . | . Bothacking | -11 ------------ Run | Scr Used RIF Installer . | . Robots Hacked . | . Non-combat . | . Combat . | . Robot Hacks Applied . | . Relay Couplers Released . | . Fabnet Peak Effective % . | . Robots Rewired . | . Allies Hacked . | . Hacks Repelled . | . Allies | -11 -------- Run | Scr Total Allies . | . Largest Group . | . Highest-Rated Group . | . Highest-Rated Ally . | . Total Orders . | . Ally Attacks . | . Total Damage . | . Kills . | . Allies Corrupted . | . Allies Melted . | . Intel | -11 ------- Run | Scr Robot Analysis Total . | . Derelict Logs Recovered . | . Drone Launches . | . Drone Recoveries . | . Exploration | -11 ------------- Run | Scr Turns Passed 1445 | 1445 Spaces Moved 86 | 86 Core 8 | 8 Treads 78 | 78 Legs . | . Wheels . | . Hover . | . Flight . | . Fastest Speed 50 | 50 Average Speed 152 | 152 Slowest Speed 160 | 160 Overloaded Moves . | . Propulsion Burnouts . | . Robots Hopped . | . Cave-ins Triggered . | . Exploration Rate (%) 17 | 17 Regions Visited . Branch Regions . Pre-discovered Areas . | . Known Exits Taken . | . Unknown Exits Taken . | . Scrap Searched . | . Spaces Dug . | . Terrain Destroyed . | . Melee . | . Projectile . | . AOE . | . Terrain Rammed . | . Walls Destroyed . | . Machines Disabled . | . Actions | -11 --------- Run | Scr Total 1379 | 1379 Wait 1265 | 1265 Move 86 | 86 Hop . | . Pick Up 8 | 8 Fast Attach 3 | 3 Attach 4 | 4 Detach . | . Swap . | . Drop . | . Fire 9 | 9 Melee . | . Ram 1 | 1 Kick . | . Crush 3 | 3 Escape Stasis . | . Rewire . | . Trap . | . Miscellaneous . | . Route ------- -11/Scrapyard (discovered 1 exit: [*Mat]) History --------- Turn | Location | Event 9 | -11/Scrapyard | Discovered new exit (range 16) 1364 | -11/Scrapyard | Assembled infested the area 1441 | -11/Scrapyard | Core integrity fell below 50% 1443 | -11/Scrapyard | Core integrity fell below 20% 1446 | -11/Scrapyard | Destroyed by as-36109 with Assembled Maul Last Messages --------------- 01380_ K-01 Serf collects debris. 01385_ The unstable cave ceiling collapses. 01423_ as-35944 destroyed. 01423_ Switching to secondary target: as-31238. 01426_ Lgt. Treads destroyed. 01426_ System corrupted by crushing effect (+2). 01427_ Assault Rifle destroyed. 01428_ Ion Engine destroyed. 01428_ System corrupted by crushing effect (+1). 01434_ Assault Rifle destroyed. 01434_ System corrupted by crushing effect (+5). 01435_ EM Pulse Gun destroyed. 01435_ System corrupted by crushing effect (+1). 01435_ Slammed into as-31238. 01437_ Slammed into as-42502. 01438_ Acquired 18 matter. 01438_ Slammed into as-42502. 01439_ Lgt. Treads destroyed. 01441_ Slammed into as-42502. 01445_ Acquired 24 matter. Map ----- +----------------------------------------------------+ | ?????????????????????????????????????????????????? | | ?????????????????????????????????????????????????? | | ?????????????????????????????????????????????????? | | ?????????????????????????????????????????????????? | | ?????????????????????????????????????????????????? | | ?????????????????????????????????????????????????? | | ?????????????????????????????????????????????????? | | ?????????????????????????????????????????????????? | | ?????????????????????????????????????????????????? | | ?????????????????????????????????????????????????? | | ?????????????????????????????????????????????????? | | ?????????????????????????????????????????????????? | | ?????????????????????????????????????????????????? | | ?????????????????????????????????????????????????? | | ?????????????????????????????????????????????????? | | ?????????????????????????????????????????????????? | | ?????????????????????????????????????????????????? | | ?????????????????????????????????????????????????? | | ?????????????????????????????????????????????????? | | ?????????????????????????????????????????????????? | | ?????????????????????????????????????????????????? | | ??????????????????????#########??????????????????? | | ??????????????????????# ???????????????????? | | ??????????????????????# ????????????????????? | | ??????????????????????# #?????????????????????? | | ?????????????##=######## @#?######???????????????? | | ?????????? a a# #???????????????? | | ?????????? a a aa# #???????????????? | | ?????????????## ########aa #????#####??????? | | ???????????????????????#aa# #??? #??????? | | ???????????????????????#aa########??? #??????? | | ???????????????????????# ########?? #??????? | | ???????????????????????# #? #??????? | | ???????????????????????# # #??????? | | ???????????????????????######## # #??????? | | ??????????????????????????????# #??????? | | ??????????????????????????????# # #??????? | | ??????????????????????????????# # #??????? | | ???????????????????????######?# #?########??????? | | ???????????????????????# ?# #? #????????? | | ???????????????????????# # # #????????? | | ???????????????????????# # # #????????? | | ???????????????????????# #????????? | | ???????????????????????# # # #????????? | | ???????????????????????## # # ##????????? | | ????????????????????????####### #######?????????? | | ??????????????##########???# #????????????? | | ??????????????# #???# #????????###?? | | ??????????????# #???# ####### #?? | | ??????????????# = ##### #?? | +----------------------------------------------------+ Best States ------------- Heat Dissipation 25 Energy Generation 10 Energy Capacity 250 Matter Stores 230 Matter Capacity 300 Sight Range 16 Terrain Scan Density 10 Evasion (%) 40 Recoil Reduction 2 Item Schematics ----------------- None Robot Schematics ------------------ None Fabricated ------------ Nothing Alien Tech Used ----------------- None Achievements -------------- None Challenges ------------ None Game ------ Seed AssemblyEtherialBay Manual? 0 Play Time 00:04:46 Cumulative 100.8 hours Start 2022.05.10 @ 17:13:16 End 2022.05.10 @ 17:15:37 Sessions 0 Manual Loads 0 Difficulty Rogue Special Mode None Game No. 128 Rogue 128 Adventurer 0 Explorer 0 Win Type - Total 1 Types 1/0/0/0/0/0/0/0/0 Lore% 58 Gallery% 55 Achievement% 48 Wizard Run 0 Options --------- ASCII 0 Keyboard 0 Movement Numpad Keybinds 0 Fullscreen 1 Font 18/X11Bold Map View 76x50 Tactical HUD 1 Map Filters NONE Filters NONE Steam X RUN: 79a8eae1-53a4-4b34-bbe3-68a6e31e69ea